Match 45432319
Unlisted

Match 45432319
End
Panzerpioneer Squad
250 Light Carrier
Selects Armored Support Battlegroup
250 Light Carrier
Construct Light Support Kompanie
Combat Half-tracks
Fire Support Elements
MG34 Team
Selects Superior Fire Drills
Vehicle Survival Package
Assault Mechanized Group
Advanced Field Repairs
Construct Panzerarmee Kommand
Rapid Advance
Panzer III L Medium Tank
Emergency Repair Kits
Selects Salvage Kits
Selects Panzer Storm
Panzer Storm
Panzer III L Medium Tank
Advanced Optics
Panzer III L Medium Tank
Panzer Storm
月夜笑猫
nre_nuker
lwl233
哈基米
Switchblade50
Guh
Dark Lord Cthulhu
PH0BB05
0
0

Comments sign in to comment!

No comments posted yet!